 Dungeon Crawl Stone Soup version 0.21-a0-442-g848f44b (console) character file.

313 zero the Chopper (level 6, -5/57 HPs)
             Began as a Gargoyle Berserker on Nov 15, 2017.
             Was a Believer of Trog.
             Slain by an ogre
             ... wielding a +0 giant club
              (13 damage)
             ... on level 4 of the Dungeon.
             The game lasted 00:01:07 (3189 turns).

zero the Chopper (Gargoyle Berserker)               Turns: 3189, Time: 00:01:08

Health: -5/57      AC:  9    Str: 27    XL:     6   Next: 43%
Magic:  6/6        EV: 11    Int:  8    God:    Trog [**....]
Gold:   134        SH:  0    Dex:  9    Spells: 5/5 levels left

rFire    . . .     SeeInvis .   f - +1 hand axe
rCold    . . .     Gourm    .   (no shield)
rNeg     + . .     Faith    .   e - +0 ring mail
rPois    ∞         Spirit   .   (no helmet)
rElec    +         Reflect  .   (no cloak)
rCorr    .         Harm     .   (no gloves)
MR       ++...                  (no boots)
Stlth    ..........             (no amulet)
HPRegen  0.19/turn              Y - ring of protection from magic
MPRegen  0.10/turn              l - ring of protection from magic

@: berserking (expiring), very quick
A: negative energy resistance 1, electricity resistance, unbreathing,
petrification resistance, rot immunity, AC +4
a: Berserk, Trog's Hand, Burn Spellbooks, Renounce Religion


You were on level 4 of the Dungeon.
You worshipped Trog.
Trog was pleased with you.
You were hungry.

You visited 1 branch of the dungeon, and saw 4 of its levels.

You collected 134 gold pieces.


Innate Abilities, Weirdness & Mutations

You are resistant to torment.
Your stone body is resilient. (AC +4)
You are immune to poison.
You resist negative energy. (rN+)
You are resistant to electric shocks. (rElec)
You can survive without breathing.
You are immune to petrification.
You are immune to rotting.


   Skills:
 - Level 4.1 Fighting
 + Level 6.0 Axes
 - Level 2.1 Armour
 - Level 1.5 Dodging


You had 5 spell levels left.
You didn't know any spells.

Inventory:

Hand Weapons
 f - a +1 hand axe (weapon)
 m - a +0 whip
Armour
 e - a +0 ring mail (worn)
Jewellery
 l - a ring of protection from magic (right hand)
 Y - a ring of protection from magic (left hand)
Scrolls
 a - a scroll of identify
 h - 2 scrolls of remove curse
 j - a scroll of recharging
Potions
 b - a potion of might
 g - a potion of heal wounds
 n - a potion of mutation
 o - a potion of lignification {unknown}
Comestibles
 c - 4 meat rations
 k - 5 bread rations
 p - a royal jelly

Dungeon Overview and Level Annotations

Branches:
Dungeon (4/15)
 Temple: D:4-7

Altars:
Elyvilon
Qazlal
Vehumet

Shops:
D:4 }


Message History

The frilled lizard bites you but does no damage.
The gnoll hits you from afar with a spear.
You slash the frilled lizard!
You kill the frilled lizard!
Trog accepts your kill. The gnoll barely misses you.
Things that are here:
a spear; a gnoll corpse You hit the ogre.
The ogre is lightly wounded.
You slash the gnoll! The gnoll hits you with a spear!
The ogre hits you with a giant club!
You closely miss the gnoll.
The gnoll is severely wounded.
You slash the ogre! You closely miss the gnoll.
The gnoll is severely wounded.
You barely miss the ogre. The gnoll hits you with a spear.
The ogre hits you with a giant club!
You die...

###+##.....##
...............#
...............#.......# #.
..............#.?.....#
.................+.......#
#... #...##......#.......#
##...##...##.....##.....?##
.................##......$$
..................#......$\
..............O...#......$$
.............@g...'......#.
...
#.####.####.##'####...###
...#######.####%## .# ...#
.......#.........+ .. ....#
.......#.........# ......#
.......#.........# .....#
.......#.........# ....+
.......#.........#
...<...#.........#
......##.........#
......##...#######


You could see an ogre and a gnoll.

Vanquished Creatures
  An ogre (D:3)
  An orc priest (D:3)
  An orc wizard (D:3)
  A worker ant (D:3)
  6 gnolls
  3 adders
  A dart slug (D:3)
  2 leopard geckos
  6 orcs
  2 giant cockroaches
  4 goblins (D:2)
  3 hobgoblins
  4 jackals (D:2)
  A quokka (D:3)
  A ball python (D:2)
  3 bats
  6 frilled lizards
  8 kobolds
  3 rats
57 creatures vanquished.

Notes
Turn   | Place    | Note
-------+----------+-------------------------------------------
     0 | D:1      | zero the Gargoyle Berserker began the quest for the Orb.
     0 | D:1      | Reached XP level 1. HP: 14/14 MP: 1/1
     0 | D:1      | 0 ||| counter = 37
   107 | D:1      | 107 ||| INVOKING Berserk.
   111 | D:1      | Reached skill level 3 in Axes
   111 | D:1      | Reached XP level 2. HP: 19/19 MP: 2/2
   513 | D:1      | 513 ||| READING 2 scrolls labeled KAOQUV NEOX.
   514 | D:1      | 514 ||| READING scroll labeled LENITS DUKLUKANT.
   515 | D:1      | 515 ||| READING scroll labeled HABABL WARU.
   516 | D:1      | 516 ||| READING scroll labeled EXEMUR DUN BOE.
   517 | D:1      | 517 ||| READING 2 scrolls labeled MALAIVU TYCOHA.
   518 | D:1      | 518 ||| READING scroll labeled OCHOEM PADYU.
   522 | D:1      | 522 ||| READING scroll labeled ELUGGI EZOA.
   523 | D:1      | 523 ||| READING scroll of identify.
   523 | D:1      | 523 ||| IDENTIFYING runed pearl ring
   524 | D:1      | 524 ||| UPGRADING to ring of protection from magic.
   528 | D:2      | 528 ||| STAIRDANCE
   538 | D:2      | 538 ||| STAIRDANCE
   540 | D:1      | 540 ||| INVOKING Berserk.
   549 | D:1      | Reached XP level 3. HP: 12/23 MP: 3/3
   747 | D:2      | 747 ||| INVOKING Berserk.
   749 | D:2      | Reached skill level 4 in Axes
   751 | D:2      | 751 ||| STAIRDANCE
   760 | D:1      | 760 ||| EATING bread ration.
   935 | D:2      | 935 ||| UPGRADING to whip.
   936 | D:2      | 936 ||| SWAPPING to +1 hand axe.
   973 | D:2      | Found a white marble altar of Elyvilon.
   992 | D:2      | Reached XP level 4. HP: 26/28 MP: 4/4
  1141 | D:2      | Found a radiant altar of Vehumet.
  1352 | D:2      | Reached ** piety under Trog
  1452 | D:2      | 1452 ||| UPGRADING to leather armour.
  1462 | D:2      | 1462 ||| DROPPING +0 animal skin.
  1463 | D:2      | 1463 ||| UPGRADING to ring of protection from magic.
  1464 | D:2      | 1464 ||| READING scroll labeled MIYCIPN CYMEOM.
  1465 | D:2      | 1465 ||| READING 2 scrolls of identify.
  1465 | D:2      | 1465 ||| IDENTIFYING sedimented red potion
  1614 | D:3      | 1614 ||| INVOKING Burn Spellbooks.
  1749 | D:3      | 1749 ||| STAIRDANCE
  1787 | D:2      | 1787 ||| READING 2 scrolls of identify.
  1787 | D:2      | 1787 ||| IDENTIFYING pink potion
  1923 | D:3      | 1923 ||| INVOKING Berserk.
  1929 | D:3      | Reached skill level 5 in Axes
  2150 | D:3      | Reached XP level 5. HP: 32/32 MP: 5/5
  2255 | D:3      | Found a stormy altar of Qazlal.
  2323 | D:3      | 2323 ||| INVOKING Berserk.
  2487 | D:3      | 2487 ||| EATING royal jelly.
  2552 | D:3      | 2552 ||| INVOKING Berserk.
  2922 | D:3      | Noticed an ogre
  2923 | D:3      | 2923 ||| INVOKING Berserk.
  2927 | D:3      | Killed an ogre
  2927 | D:3      | Reached XP level 6. HP: 27/38 MP: 6/6
  3076 | D:3      | 3076 ||| UPGRADING to ring mail.
  3086 | D:3      | 3086 ||| DROPPING +0 leather armour.
  3087 | D:3      | 3087 ||| UPGRADING to diamond ring.
  3089 | D:3      | 3089 ||| REMOVING ring of stealth.
  3090 | D:3      | 3090 ||| UPGRADING to ring of protection from magic.
  3091 | D:3      | 3091 ||| DROPPING ring of stealth.
  3092 | D:3      | 3092 ||| READING 2 scrolls of identify.
  3092 | D:3      | 3092 ||| IDENTIFYING lumpy inky potion
  3154 | D:4      | Found Coiheas's Gadget Boutique.
  3165 | D:4      | Reached skill level 6 in Axes
  3180 | D:4      | 3180 ||| INVOKING Berserk.
  3187 | D:4      | HP: 10/57 [ogre/giant club (7)]
  3189 | D:4      | Slain by an ogre

Vault maps used:
D:1:      minmay_arrival_loop, serial_glass, glass_columns_c, glass_columns_a,
          corexii_item_surrounded_by_moat
D:2:      old_standard_altar, vehumet_crystals, first_bread
D:3:      grunt_qazlal_clouds
D:4:      chequers_temple_overflow_minitemple, serial_shops, shop_coins

Skill      XL: |  1  2  3  4  5  6 |
---------------+-------------------+-----
Axes           | 3 4 5 6 |  6.0
Fighting       | 4 |  4.1
Armour         | |  2.1
Dodging        | |  1.5

Action                   |  1- 3 |  4- 6 || total
-------------------------+-------+-------++-------
Melee: Hand axe          |    49 |   163 ||   212
Invok: Berserk           |     3 |     5 ||     8
       Burn Spellbooks   |       |     1 ||     1
  Use: Scroll            |     8 |     4 ||    12
  Eat: Chunk             |     1 |     7 ||     8
       Bread ration      |     1 |       ||     1
       Royal jelly       |       |     1 ||     1
Armor: Animal skin       |    21 |    22 ||    43
       Leather armour    |       |    37 ||    37
       Ring mail         |       |     6 ||     6
Dodge: Dodged            |    41 |    76 ||   117

Table legend:
 A = Spawn XP
 B = Non-spawn XP
 C = Spawn XP percentage of total XP
 D = Spawn monster count
 E = Non-spawn monster count
 F = Spawn count percentage of total count
 G = Total turns spent on level
                    A         B        C        D         E        F      G
               +---------+---------+-------+---------+---------+-------+---------
         Total |       0 |     448 |   0.0 |       0 |      57 |   0.0 |  3189
               +---------+---------+-------+---------+---------+-------+---------
           D:1 |       0 |      48 |   0.0 |       0 |       8 |   0.0 |   878
           D:2 |       0 |      59 |   0.0 |       0 |      19 |   0.0 |   634
           D:3 |       0 |     294 |   0.0 |       0 |      25 |   0.0 |  1596
           D:4 |       0 |      47 |   0.0 |       0 |       5 |   0.0 |    81
               +---------+---------+-------+---------+---------+-------+---------
